 Dungeon Crawl Stone Soup version 0.30-a0-1082-g70414cbcbb (webtiles) character file.

Game seed: 8782918747071741803

84 fortdeath9 the Conjurer (level 4, -5/33 HPs)
             Began as a Draconian Conjurer on Apr 16, 2023.
             Was an Initiate of Sif Muna.
             Slain by a worm (8 damage)
             ... on level 4 of the Dungeon.
             The game lasted 00:25:03 (2515 turns).

fortdeath9 the Conjurer (Draconian Conjurer)        Turns: 2515, Time: 00:25:04

Health: -5/33      AC:  5    Str:  9    XL:     4   Next: 24%
Magic:  0/7        EV: 12    Int: 20    God:    Sif Muna [......]
Gold:   101        SH:  5    Dex: 16    Spells: 2/8 levels left

rFire   . . .      SeeInvis .    i - +0 dagger
rCold   . . .      Faith    .    (no shield)
rNeg    . . .      Spirit   .    (body armour unavailable)
rPois   .          Reflect  +    (helmet restricted)
rElec   .          Rampage  .    (no cloak)
rCorr   .                        (no gloves)
Will    .....                    (no boots)
Stlth   ++                       c - amulet of reflection
HPRegen 0.25/turn                a - +6 ring of dexterity
MPRegen 0.10/turn                (no ring)

@: no status effects
A: AC +5, unfitting armour, cold-blooded
a: Renounce Religion


You were on level 4 of the Dungeon.
You worshipped Sif Muna.
Sif Muna was noncommittal.
You visited 1 branch of the dungeon, and saw 4 of its levels.

You collected 101 gold pieces.

Inventory:

Hand Weapons
 i - a +0 dagger (weapon)
Missiles
 d - 26 stones
Jewellery
 a - a +6 ring of dexterity (left hand)
 c - an amulet of reflection (around neck)
Scrolls
 e - a scroll of amnesia
 f - a scroll of magic mapping {unknown}
 h - a scroll of noise
Potions
 b - a potion of berserk rage {unknown}
 g - a potion of degeneration {unknown}


   Skills:
 + Level 0.1 Fighting
 + Level 1.0 Maces & Flails
 + Level 2.2 Dodging
 + Level 2.0 Stealth
 + Level 2.6 Spellcasting
 + Level 4.9 Conjurations
 + Level 0.1 Necromancy


You had 2 spell levels left.
You knew the following spells:

 Your Spells              Type           Power      Damage    Failure   Level
a - Magic Dart            Conj           88%        1d7       1%          1
b - Necrotise             Necr           12%        1d4       14%         1
c - Fulminant Prism       Conj/Hex       6%         3d6       47%         4

Your spell library contained the following spells:

 Spells                   Type           Power      Damage    Failure   Level
 Searing Ray              Conj           44%        2d6       3%          2
 Dazzling Flash           Conj/Hex       24%        N/A       16%         3
 Vampiric Draining        Necr           3%         2d6       38%         3
 Iskenderun's Mystic Bla  Conj/Tloc      12%        2d5       47%         4
 Ice Form                 Ice/Tmut       2%         N/A       83%         4
 Summon Ice Beast         Ice/Summ       2%         N/A       83%         4
 Agony                    Necr           3%         N/A       98%         5
 Simulacrum               Ice/Necr       1%         N/A       100%        6


Dungeon Overview and Level Annotations

Branches:
Dungeon (4/15)
 Temple: D:4-7

Altars:
Sif Muna


Innate Abilities, Weirdness & Mutations

Your plain brown scales are hard. (AC +5)
You cannot fit into any form of body armour.
You are cold-blooded and may be slowed by cold attacks.


Message History

You hit the worm. You tail-slap the worm.
The worm is lightly wounded.
You hit the worm. You tail-slap the worm.
The worm is heavily wounded.
You block the worm's attack.
Your orc skeleton hits the worm but does no damage.
You barely miss the worm. You tail-slap the worm.
The worm is heavily wounded.
Your orc skeleton barely misses the worm.
The worm bites you!
You hit the worm.
You tail-slap the worm, but do no damage.
The worm is heavily wounded.
You hit the worm but do no damage. You tail-slap the worm.
The worm is severely wounded.
Your orc skeleton barely misses the worm.
The worm bites you.
* * * LOW HITPOINT WARNING * * *
Casting: Necrotise (safe; 14% risk of failure)
Confirm with . or Enter, or press ? or * to list all spells.
Aiming: Magic Dart (safe; 1% risk of failure)
Press: ? - help, Shift-Dir - straight line, f - worm
Aim: a worm (heavily wounded, ally target, 100% to hit)
The magic dart hits the worm.
The worm is severely wounded.
Your orc skeleton hits the worm.
You barely miss the worm.
The worm is severely wounded.
The worm barely misses you.
Your orc skeleton hits the worm.
You barely miss the worm.
The worm is severely wounded.
Your orc skeleton hits the worm but does no damage.
The worm bites you.
* * * LOW HITPOINT WARNING * * *
You hit the worm.
The worm is severely wounded.
You barely miss the worm.
The worm is severely wounded.
Your orc skeleton hits the worm.
The worm bites you!
You die...

### #..#
#...# ###
#...####@#
#...w##
##..Z#
##..#..# #.
##..##..#
#.##
##..####..#
#..# ##..##
..#
#..###..##
#..
#.##.)##
#..


You could see a worm (ally target) and a friendly orc skeleton.

Vanquished Creatures
  Robin (D:2)
  A dart slug (D:3)
  6 orcs
  3 ball pythons
  6 bats
  5 endoplasms
  A giant cockroach (D:1)
  12 goblins
  7 hobgoblins
  7 kobolds
  A quokka (D:1)
  3 frilled lizards
  5 rats
58 creatures vanquished.

Notes
Turn   | Place    | Note
-------+----------+-------------------------------------------
     0 | D:1      | fortdeath9 the Draconian Conjurer began the quest for the
                  | Orb.
     0 | D:1      | Reached XP level 1. HP: 14/14 MP: 3/3
   103 | D:1      | Reached XP level 2. HP: 20/20 MP: 0/5
   837 | D:2      | Reached XP level 3. HP: 26/26 MP: 2/6
   866 | D:2      | Learned a level 1 spell: Necrotise
   982 | D:2      | Noticed Robin
  1029 | D:2      | Killed Robin
  1949 | D:3      | Found a shimmering blue altar of Sif Muna.
  1957 | D:3      | Became a worshipper of Sif Muna the Loreminder
  2012 | D:3      | Reached XP level 4. HP: 33/33 MP: 4/7
  2298 | D:3      | Got the Directory of the Chill
  2304 | D:3      | Learned a level 4 spell: Fulminant Prism
  2433 | D:4      | Reached skill level 1 in Maces & Flails
  2515 | D:4      | Slain by a worm

Illustrated notes

Levels and vault maps discovered:
D:1:      dpeg_arrival_short_road, layout_rooms, minmay_misc_feat_cross,
          minmay_misc_feat_enclosed, nrook_mini_backslash, due_unseen_surprise
D:2:      layout_loops_ring, serial_bayou_pond_d, uniq_robin
D:3:      layout_loops_ring, mainiacjoe_overflow_catwalk, grunt_decor_cap
D:4:      layout_layer_cave, uniq_crazy_yiuf_cottage

Skill      XL: |  1  2  3  4 |
---------------+-------------+-----
Dodging        | 2 |  2.2
Stealth        | 2 |  2.0
Maces & Flails | 1 |  1.0
Fighting       | |  0.1
Spellcasting   | |  2.6
Conjurations   | |  4.9
Necromancy     | |  0.1

Action                     |  1- 3 |  4- 6 || total
---------------------------+-------+-------++-------
  Melee: Short sword       |     9 |       ||     9
         Tailslap          |     5 |     8 ||    13
         Unarmed           |     2 |       ||     2
         Mace              |    25 |       ||    25
         Dagger            |       |    34 ||    34
         Punch             |       |     2 ||     2
   Cast: Magic Dart        |    64 |    16 ||    80
         Necrotise         |     8 |     4 ||    12
    Use: Scroll            |     7 |       ||     7
         Potion            |     3 |       ||     3
 Armour: Skin              |    23 |     5 ||    28
  Dodge: Dodged            |    42 |    26 ||    68
  Block: Other             |       |    12 ||    12

Table legend: (Time is in decaauts)
 A = Elapsed time spent in this place.
 B = Non-inter-level travel time spent in this place.
 C = Inter-level travel time spent in this place.
 D = Time resting spent in this place.
 E = Time spent auto-exploring this place.
 F = Levels seen in this place.
 G = Mean time per level.
                   A        B        C        D        E       F      G
               +--------+--------+--------+--------+--------+-----+--------+
         Total |   2524 |   2415 |    109 |    140 |   1599 |   4 |  631.0 |
       Dungeon |   2524 |   2415 |    109 |    140 |   1599 |   4 |  631.0 |
               +--------+--------+--------+--------+--------+-----+--------+

Top non-repeatable levels by time:
     D:2: 1038 daAuts
     D:3: 765 daAuts
     D:1: 633 daAuts
     D:4: 86 daAuts
